 Dungeon Crawl Stone Soup version 0.31.0-11-ge490571c62 (webtiles) character file.

Game seed: 11177198000817114275

424 Silvore the Covered (level 6, -7/48 HPs)
             Began as a Demonspawn Fighter on Feb 11, 2024.
             Mangled by an ogre
             ... wielding a +0 giant club
              (14 damage)
             ... on level 5 of the Dungeon.
             The game lasted 00:04:04 (2954 turns).

Silvore the Covered (Demonspawn Fighter)            Turns: 2954, Time: 00:04:04

Health: -7/48      AC:  9    Str: 18    XL:     6   Next: 64%
Magic:  6/6        EV:  9    Int:  9    God:
Gold:   224        SH:  0    Dex: 12    Spells: 5/5 levels left

rFire   x . .        a - +1 long sword
rCold   + . .        o - orb {light}
rNeg    . . .        b - +0 scale mail
rPois   .            h - +1 helmet
rElec   .            (no cloak)
rCorr   .            (no gloves)
SInv    .            (no boots)
Will    .....        (no amulet) Stlth
                     q - ring of ice
HPRegen 0.28/turn    (no ring)
MPRegen 0.10/turn

%: no passive effects
@: glowing
A: foul stench 1, spiny 2, weakness stinger 2
a: no special abilities


You were on level 5 of the Dungeon.
You visited 1 branch of the dungeon, and saw 5 of its levels.

You collected 224 gold pieces.

Inventory:

Hand Weapons
 a - a +1 long sword (weapon)
Armour
 b - a +0 scale mail (worn)
 c - a +1 buckler
 h - a +1 helmet (worn)
 o - an orb of light (worn)
Jewellery
 q - a ring of ice (left hand)
Wands
 n - a wand of charming (7)
 r - a wand of flame (16)
Scrolls
 g - a scroll of teleportation
 l - a scroll of enchant armour
Potions
 e - 2 potions of degeneration
 f - 3 potions of curing
 i - a potion of invisibility
 k - a potion of lignification {unknown}


   Skills:
 + Level 3.9 Fighting
 + Level 4.3 Long Blades
 + Level 4.3 Armour
 + Level 0.9 Dodging
 + Level 0.6 Stealth
 + Level 3.3 Shields


You had 5 spell levels left.
You didn't know any spells.
Your spell library contained the following spells:

 Spells                   Type           Power      Damage    Failure   Level
 Magic Dart               Conj           0%         1d3       77%         1
 Blink                    Tloc           0%         N/A       88%         2
 Call Imp                 Summ           0%         N/A       88%         2
 Searing Ray              Conj           0%         2d4       88%         2
 Fulminant Prism          Conj/Alch      0%         3d5       100%        4


Dungeon Overview and Level Annotations

Branches:
Dungeon (5/15)
 Temple: D:4-7

Altars:
Nemelex Xobeh

Shops:
D:4 !=


Innate Abilities, Weirdness & Mutations

You may rarely emit foul miasma when damaged in melee.
You are mostly covered in sharp spines.
You have a tail ending in a sharp stinger.


Message History

You hit the sleepcap.
The sleepcap is moderately damaged.
The sleepcap is struck by your spines. The sleepcap releases spores at you.
You are engulfed in a cloud of soporific spores!
You fall asleep.
You wake up.
You hit the sleepcap. You tail-slap the sleepcap.
The sleepcap is severely damaged.
The sleepcap releases spores at you but does no damage.
You hit the sleepcap.
The sleepcap is severely damaged.
The sleepcap is struck by your spines.
The sleepcap releases spores at you but does no damage.
You hit the sleepcap.
The sleepcap is almost destroyed.
The sleepcap releases spores at you but does no damage.
Unknown command.
You hit the sleepcap but do no damage.
The sleepcap is almost destroyed.
The sleepcap releases spores at you. The sleepcap closely misses you.
You hit the sleepcap.
You destroy the sleepcap!
Found 5 poisoned darts.
Found a pair of gloves.
An ogre comes into view. It is wielding a +0 giant club.
The ogre shouts!
You hear a shout!
Found a scroll of teleportation.
You completely miss the ogre.
The ogre hits you with a +0 giant club!!
You hit the ogre. You tail-slap the ogre.
The ogre is lightly wounded.
The ogre hits you with a +0 giant club!!
Ouch! That really hurt!
* * * LOW HITPOINT WARNING * * *
You hit the ogre.
The ogre is moderately wounded.
You hit the ogre.
The ogre is heavily wounded.
The ogre is struck by your spines. The ogre hits you with a +0 giant club!
You die...

...### .#...# .#.#.##
.#.#..# ......# #######
#.....##### .......
#.....+...# ##......?
#.....###.######........
#...............@.......
#......#####.##.O..[....
#......# #.##.........
######.# #.......####.
#.# ######..# #.. ....
#### .#### .#


You could see an ogre.

Vanquished Creatures
  Edmund (D:4)
  An ice beast (D:4)
  A bombardier beetle (D:4)
  A sleepcap (D:5)
  Ijyb (D:4)
  2 gnolls
  3 adders
  A dart slug (D:3)
  2 orcs
  5 ball pythons
  8 bats
  8 endoplasms
  2 giant cockroaches
  6 goblins
  6 hobgoblins
  4 jackals (D:1)
  4 kobolds
  3 quokkas
  2 frilled lizards (D:1)
  6 rats
67 creatures vanquished.

Notes
Turn   | Place    | Note
-------+----------+-------------------------------------------
     0 | D:1      | Silvore the Demonspawn Fighter began the quest for the Orb.
     0 | D:1      | Reached XP level 1. HP: 18/18 MP: 1/1
   212 | D:1      | Gained mutation: You are partially covered in sharp spines.
                  | [demonic ancestry]
   212 | D:1      | Reached XP level 2. HP: 11/24 MP: 2/2
   523 | D:1      | Gained mutation: You have a small tail. [demonic ancestry]
   523 | D:1      | Reached XP level 3. HP: 29/29 MP: 3/3
   857 | D:2      | Found a sparkling altar of Nemelex Xobeh.
  1053 | D:2      | Found a faded altar of an unknown god.
  1161 | D:2      | Gained mutation: You are mostly covered in sharp spines.
                  | [demonic ancestry]
  1161 | D:2      | Reached XP level 4. HP: 32/35 MP: 4/4
  2272 | D:4      | Found Yryezane's Distillery.
  2288 | D:4      | Gained mutation: You may rarely emit foul miasma when
                  | damaged in melee. [demonic ancestry]
  2288 | D:4      | Reached XP level 5. HP: 33/41 MP: 5/5
  2479 | D:4      | Noticed an ice beast
  2485 | D:4      | Killed an ice beast
  2563 | D:4      | Noticed Ijyb
  2575 | D:4      | Killed Ijyb
  2576 | D:4      | Gained mutation: You have a tail ending in a sharp stinger.
                  | [demonic ancestry]
  2576 | D:4      | Reached XP level 6. HP: 35/48 MP: 6/6
  2634 | D:4      | Found Paawim's Jewellery Shoppe.
  2695 | D:4      | Noticed Edmund
  2706 | D:4      | Killed Edmund
  2715 | D:5      | Entered Level 5 of the Dungeon
  2954 | D:5      | Mangled by an ogre

Illustrated notes

Levels and vault maps discovered:
D:1:      mrwooster_arrival_arrow, layout_loops_cross, due_unseen_surprise
D:2:      layout_loops_ring, serial_forest, infiniplex_forest_end_3,
          infiniplex_forest_lined_2, infiniplex_forest_straight_2,
          infiniplex_forest_lined_room_, infiniplex_forest_lined_ring,
          infiniplex_forest_zigzag_1, infiniplex_forest_lined_room_2,
          infiniplex_forest_corner_2, ebering_ecumenical_altar_hall, basic_altar
D:3:      layout_loops_ring, minmay_close_crescents
D:4:      layout_basic, nicolae_overflow_crystal_walls, serial_shops, shop,
          shop, uniq_ijyb, uniq_edmund
D:5:      layout_basic, nicolae_gozag_conspicuous_consumption,
          minmay_temple_entry_drinking_statues, nicolae_figureground_pulse

Skill      XL: |  1  2  3  4  5  6 |
---------------+-------------------+-----
Long Blades    | 2 3 4 |  4.3
Armour         | 3 4 |  4.3
Shields        | 3 |  3.3
Fighting       | |  3.9
Dodging        | |  0.9
Stealth        | |  0.6

Action                     |  1- 3 |  4- 6 || total
---------------------------+-------+-------++-------
  Melee: Long sword        |    61 |    66 ||   127
         Tailslap          |     4 |     9 ||    13
    Use: Scroll            |     3 |     5 ||     8
         Potion            |       |     2 ||     2
 Armour: Scale mail        |    41 |    42 ||    83
  Dodge: Dodged            |    24 |    13 ||    37
  Block: Buckler           |    11 |    13 ||    24
